 Dungeon Crawl Stone Soup version 0.25.1-2-g60ff931df9 (webtiles) character file.

Game seed: 11981145251481033989

1521 DerDa the Firebug (level 8, -12/46 HPs)
             Began as an Octopode Fire Elementalist on Aug 23, 2020.
             Was a Follower of Sif Muna.
             Mangled by a two-headed ogre
             ... wielding a +0 giant club
              (29 damage)
             ... on level 7 of the Dungeon.
             The game lasted 00:15:59 (7526 turns).

DerDa the Firebug (Octopode Fire Elementalist)      Turns: 7526, Time: 00:15:59

Health: -12/46     AC:  1    Str:  8    XL:     8   Next: 84%
Magic:  7/17       EV: 13    Int: 19    God:    Sif Muna [*.....]
Gold:   74         SH:  0    Dex: 12    Spells: 9/19 levels left

rFire    . . .     SeeInvis .   v - +1 falchion (elec)
rCold    . . .     Gourm    .   (no shield)
rNeg     . . .     Faith    .   (helmet restricted)
rPois    .         Spirit   .   (no amulet)
rElec    .         Reflect  .   (no ring)
rCorr    .         Harm     .   (no ring)
MR       .....                  (no ring)
Stlth    +++.......             (no ring)
HPRegen  0.15/turn              (no ring)
MPRegen  0.15/turn              (no ring)
                                (no ring)
                                (no ring)

@: no status effects
A: almost no armour, stealthy swim, amphibious, 8 rings, constrict 8, camouflage
1, gelatinous body 1
a: Channel Magic, Renounce Religion


You were on level 7 of the Dungeon.
You worshipped Sif Muna.
Sif Muna was aware of your devotion.
You were not hungry.

You visited 1 branch of the dungeon, and saw 8 of its levels.

You collected 284 gold pieces.
You spent 210 gold pieces at shops.

Inventory:

Hand Weapons
 l - a +2 short sword of electrocution
 v - a +1 falchion of electrocution (weapon)
Missiles
 c - 221 stones (quivered)
 i - 51 sling bullets
Scrolls
 e - 2 scrolls of remove curse
 h - 5 scrolls of teleportation
 n - 2 scrolls of random uselessness
 q - 2 scrolls of immolation
 u - a scroll of fear
 w - 3 scrolls of blinking
 y - a scroll of enchant armour
 A - 3 scrolls of enchant weapon
 B - 2 scrolls of fog
Potions
 a - 2 potions of curing
 d - 5 potions of heal wounds
 f - 2 potions of lignification
 g - a potion of cancellation
 k - 3 potions of mutation
 m - 3 potions of magic
 o - a potion of brilliance
 p - 2 potions of degeneration {unknown}
 r - 2 potions of might {unknown}
 s - 6 potions of stabbing {unknown}
 t - a potion of berserk rage {unknown}
 x - 2 potions of flight {unknown}
 z - a potion of resistance {unknown}
Comestibles
 b - 10 rations
 j - 2 chunks of flesh


   Skills:
 - Level 2.0 Dodging
 - Level 2.6 Stealth
 * Level 6.0 Spellcasting
 * Level 6.1 Conjurations
 * Level 6.9 Fire Magic


You had 9 spell levels left.
You knew the following spells:

 Your Spells              Type           Power        Failure   Level  Hunger
a - Foxfire               Conj/Fire      ####         1%          1    None
b - Sticky Flame          Conj/Fire      ####....     8%          4    ####...
c - Fireball              Conj/Fire      ####......   22%         5    #####..

Your spell library contained the following spells:

 Spells                   Type           Power        Failure   Level  Hunger
 Conjure Flame            Conj/Fire      ####....     2%          3    ##.....
 Inner Flame              Hex/Fire       ###.....     9%          3    ##.....
 Animate Skeleton         Necr           N/A          11%         1    None
 Apportation              Tloc           #.....       11%         1    None
 Corona                   Hex            #......      11%         1    None
 Summon Small Mammal      Summ           #...         11%         1    None


Dungeon Overview and Level Annotations

Branches:
Dungeon (8/15)             Temple (0/1) D:5
   Lair: D:8-11

Altars:
Ashenzari
Cheibriados
Elyvilon
Nemelex Xobeh
Okawaru
Qazlal
Sif Muna
Uskayaw

Shops:
D:5 (   D:7 ?(


Innate Abilities, Weirdness & Mutations

You cannot wear most types of armour.
You are very stealthy in the water. (Stealth+)
You are amphibious.
You can wear up to eight rings at the same time.
You can use your tentacles to constrict eight enemies at once.
Your skin changes colour to match your surroundings (Stealth+).
Your rubbery body absorbs attacks. (AC +1, EV +1)


Message History

Casting: Sticky Flame (quite dangerous; 8% risk of failure)
Confirm with . or Enter, or press ? or * to list all spells.
The spell is quite dangerous to cast (8% risk of failure)!
Continue anyway?
Okay, then.
Casting: Sticky Flame (quite dangerous; 8% risk of failure)
Confirm with . or Enter, or press ? or * to list all spells.
The spell is quite dangerous to cast (8% risk of failure)!
Continue anyway?
Aiming: Sticky Flame (quite dangerous; 8% risk of failure)
Press: ? - help, Shift-Dir - straight line, f/p - two-headed ogre
Aim: a two-headed ogre, wielding a +0 giant club and a +0 dire flail (heavily wounded)
The sticky flame hits the two-headed ogre.
The two-headed ogre is severely wounded.
The two-headed ogre is covered in liquid flames!
The two-headed ogre burns!
The foxfire hits the two-headed ogre.
The two-headed ogre is severely wounded.
The foxfire hits the two-headed ogre but does no damage.
The two-headed ogre is severely wounded.
The two-headed ogre hits you with a +0 giant club!!
Ouch! That really hurt!
You die...

..####....###..# # #
.......#### #..#
........# ....####
##.# ..........
....# #.# .....(....
....# #.# ..........
...## #.##
.......... ..##
#..#### ..........
###
##....####..........
#ยง@O.....####.....#
#................
################


You could see a two-headed ogre (burning).

Vanquished Creatures
  2 centaurs (D:5)
  4 ogres
  A big kobold (D:8)
  2 bullfrogs (D:6)
  A gnoll sergeant (D:8)
  2 scorpions
  A crimson imp (D:5)
  A hound (D:5)
  2 orc priests (D:4)
  A centaur skeleton (D:4)
  2 iguanas
  5 orc wizards
  2 worker ants
  A hound zombie (D:5)
  3 gnolls (D:8)
  8 adders
  4 shadow imps
  An ooze (D:1)
  2 worms
  A dart slug (D:1)
  A leopard gecko (D:5)
  16 orcs
  A ball python (D:2)
  6 bats
  5 giant cockroaches
  6 goblins
  12 hobgoblins
  23 jackals
  5 frilled lizards
  13 kobolds
  2 leopard gecko zombies
  9 rats
145 creatures vanquished.

Vanquished Creatures (others)
  379 foxfires
379 creatures vanquished.

Grand Total: 524 creatures vanquished

Notes
Turn   | Place    | Note
-------+----------+-------------------------------------------
     0 | D:1      | DerDa the Octopode Fire Elementalist began the quest for
                  | the Orb.
     0 | D:1      | Reached XP level 1. HP: 11/11 MP: 3/3
   127 | D:1      | Reached XP level 2. HP: 7/17 MP: 1/5
   308 | D:1      | Reached XP level 3. HP: 16/21 MP: 0/6
  1216 | D:2      | Reached XP level 4. HP: 14/27 MP: 5/8
  2420 | D:2      | Reached XP level 5. HP: 9/31 MP: 9/9
  2802 | D:2      | Found a stormy altar of Qazlal.
  2802 | D:2      | Found a sparkling altar of Nemelex Xobeh.
  2807 | D:2      | Found an iron altar of Okawaru.
  2809 | D:2      | Found a faded altar of an unknown god.
  2810 | D:2      | Found a shimmering blue altar of Sif Muna.
  2813 | D:2      | Became a worshipper of Sif Muna the Loreminder
  3069 | D:3      | Found a white marble altar of Elyvilon.
  3144 | D:3      | Found a snail-covered altar of Cheibriados.
  3190 | D:3      | Found a shattered altar of Ashenzari.
  3544 | D:4      | Learned a level 4 spell: Sticky Flame
  3555 | D:4      | Learned a level 5 spell: Fireball
  3634 | D:4      | Reached XP level 6. HP: 32/36 MP: 2/11
  4467 | D:4      | Found a snail-covered altar of Cheibriados.
  4529 | D:5      | Entered Level 5 of the Dungeon
  4541 | D:4      | Reached skill level 5 in Fire Magic
  4541 | D:4      | Reached XP level 7. HP: 10/41 MP: 7/13
  4941 | D:5      | Reached * piety under Sif Muna
  5178 | D:5      | Found a staircase to the Ecumenical Temple.
  5357 | D:5      | Reached skill level 5 in Spellcasting
  5357 | D:5      | Reached skill level 5 in Conjurations
  5357 | D:5      | Reached XP level 8. HP: 32/46 MP: 15/15
  5552 | D:5      | You fall into a shaft and drop 3 floors!
  5687 | D:7      | Found Doxorr's Antique Weapon Shop.
  5948 | D:7      | Noticed a two-headed ogre
  5980 | D:7      | Found Kel Itza's Magic Scroll Emporium.
  5989 | D:7      | Bought a scroll of identify for 28 gold pieces
  5989 | D:7      | Bought a scroll of identify for 28 gold pieces
  5989 | D:7      | Bought a scroll of identify for 28 gold pieces
  5989 | D:7      | Bought a scroll of identify for 28 gold pieces
  5989 | D:7      | Bought a scroll of noise for 14 gold pieces
  5989 | D:7      | Bought a scroll of identify for 28 gold pieces
  5989 | D:7      | Bought a scroll of identify for 28 gold pieces
  5989 | D:7      | Bought a scroll of fog for 28 gold pieces
  6429 | D:5      | Found a hide-covered altar of Uskayaw.
  6500 | D:5      | Found Haerox's Antique Weapon Boutique.
  7526 | D:7      | Mangled by a two-headed ogre

Illustrated notes

Levels and vault maps discovered:
D:1:      dpeg_arrival_prison, layout_basic
D:2:      layout_basic, chequers_temple_overflow_minitemple, first_ration
D:3:      layout_rooms, ashenzari_altar_1, cheibriados_altar_1, elyvilon_altar_3
D:4:      layout_loops_cross, chei_slow_surprise
D:5:      layout_cave_pools, temple_fountains, serial_shops,
          kennysheep_mini_moat, basic_altar
D:6:      layout_gridville
D:7:      layout_cave_pods, marbit_many_paths, serial_shops, shop,
          nicolae_shop_competitors_out_of_business, shop, shop, shop_statue
D:8:      layout_rooms, lemuel_crystal_altar

Skill      XL: |  1  2  3  4  5  6  7  8 |
---------------+-------------------------+-----
Conjurations   | 2 3 4 5 6 |  6.1
Spellcasting   | 3 4 5 6 |  6.0
Fire Magic     | 4 5 6 |  6.9
Dodging        | |  2.0
Stealth        | |  2.6

Action                   |  1- 3 |  4- 6 |  7- 9 || total
-------------------------+-------+-------+-------++-------
Melee: Hand axe          |     8 |       |       ||     8
       Constrict         |    17 |    19 |     6 ||    42
       Tentacles         |     6 |     9 |     3 ||    18
       Dagger            |    27 |       |       ||    27
       Short sword       |    19 |    47 |       ||    66
       Falchion          |       |    19 |    23 ||    42
Throw: Stone             |       |       |     2 ||     2
 Cast: Foxfire           |    42 |    90 |   113 ||   245
       Sticky Flame      |       |       |     2 ||     2
  Use: Potion            |       |     1 |       ||     1
       Scroll            |       |       |    15 ||    15
 Stab: Sleeping          |     3 |     6 |       ||     9
  Eat: Chunk             |     1 |    10 |    10 ||    21
Armor: Skin              |    11 |     6 |       ||    17
Dodge: Dodged            |    39 |    57 |    24 ||   120
       Rpst.: Falchion   |       |     3 |     5 ||     8
